 Dungeon Crawl Stone Soup version 0.31-a0-702-gf82c85558f (webtiles) character file.

Game seed: 5275380020409460067

791 qw the Skirmisher (level 7, -10/44 HPs)
             Began as a Gargoyle Hunter on Sept 7, 2023.
             Mangled by a gnoll
             ... wielding a +0 halberd
             ... led by a gnoll bouda
              (13 damage)
             ... on level 5 of the Dungeon.
             The game lasted 00:01:34 (4661 turns).

qw the Skirmisher (Gargoyle Hunter)                 Turns: 4661, Time: 00:01:35

Health: -10/44     AC: 11    Str: 14    XL:     7   Next: 88%
Magic:  7/7        EV: 10    Int: 10    God:
Gold:   86         SH:  0    Dex: 15    Spells: 6/6 levels left

rFire   . . .        Y - +0 shortbow
rCold   . . .        (shield currently unavailable)
rNeg    + . .        g - +0 ring mail
rPois   inf          (no helmet)
rElec   +            (no cloak)
rCorr   .            (no gloves)
SInv    .            i - +0 pair of boots
Will    .....        (no amulet)
Stlth   +            (no ring)
HPRegen 0.27/turn    (no ring)
MPRegen 0.10/turn

%: no passive effects
@: weakened
A: sickness immunity, AC +4, negative energy resistance 1, electricity
resistance, torment resistance 1, petrification resistance
a: no special abilities


You were on level 5 of the Dungeon.
You visited 2 branches of the dungeon, and saw 6 of its levels.

You collected 151 gold pieces.
You spent 65 gold pieces at shops.


Innate Abilities, Weirdness & Mutations

You are immune to sickness and miasma.
Your stone body is resilient. (AC +4)
You are immune to poison.
You resist negative energy. (rN+)
You are resistant to electric shocks. (rElec)
You are resistant to unholy torment.
You are immune to petrification.


   Skills:
 - Level 5.0 Fighting
 - Level 8.3 Ranged Weapons
 + Level 1.2 Armour
 - Level 1.5 Dodging
 - Level 1.1 Stealth


You had 6 spell levels left.
You didn't know any spells.
Your spell library was empty.

Inventory:

Hand Weapons
 Y - a +0 shortbow (weapon)
Armour
 f - a +0 helmet
 g - a +0 ring mail (worn)
 i - a +0 pair of boots (worn)
Jewellery
 o - an amulet of faith
Scrolls
 k - a scroll of identify
Potions
 a - 2 potions of invisibility {unknown}
 b - a potion of resistance {unknown}
 c - 2 potions of haste
 d - a potion of enlightenment {unknown}
 e - a potion of lignification {unknown}
 h - 2 potions of curing
 j - a potion of mutation {unknown}
 l - a potion of brilliance {unknown}
 m - a potion of ambrosia {unknown}
 n - a potion of might {unknown}

Dungeon Overview and Level Annotations

Branches:
Dungeon (5/15)             Temple (1/1) D:4

Altars:
Ashenzari
Elyvilon
Fedhas
Hepliaklqana
Kikubaaqudgha
Trog
Uskayaw
Xom
Yredelemnul
Zin
The Shining One

Shops:
D:1 ?   D:3 *

Annotations:
D:2 1 runed translucent door, Crazy Yiuf


Message History

4652 |||
Found retreat position at -1,-1 (floor) with 0 blocking monsters and 2 monsters attacking at destination at distance 1
4652 ||| Stepping ~*~*~tactically~*~*~ (retreating).
You shoot an arrow. The arrow hits the gnoll.
You kill the gnoll!
The gnoll is no longer moving quickly. x2
You shoot an arrow. The arrow hits the gnoll.
The gnoll is moderately wounded.
The gnoll hits you but does no damage. The gnoll barely misses you.
You shoot an arrow. The arrow hits the gnoll!
You kill the gnoll!
The gnoll hits you from afar with a +0 halberd.
Your Fighting skill increases to level 5!
You shoot an arrow. The arrow hits the gnoll.
The gnoll is heavily wounded.
Your attacks no longer feel as feeble.
The gnoll closely misses you.
The gnoll hits you from afar with a +0 halberd.
The gnoll bouda gazes fiercely through you!
You feel your attacks grow feeble. The gnoll closely misses you.
The gnoll hits you with a +0 flail.
You shoot an arrow.
The arrow hits the gnoll but does no damage.
The gnoll is heavily wounded.
The gnoll hits you but does no damage. The gnoll barely misses you.
You shoot an arrow. The arrow hits the gnoll!
You kill the gnoll!
The gnoll bouda barks out a call to the hunt!
The gnoll picks up the pace!
The gnoll hits you from afar with a +0 halberd.
You shoot an arrow. The arrow hits the gnoll.
The gnoll is moderately wounded.
The gnoll barely misses you.
You shoot an arrow. The arrow hits the gnoll bouda!
The gnoll bouda is heavily wounded.
The gnoll misses you.
The gnoll bouda hits you but does no damage.
You shoot an arrow. The arrow hits the gnoll bouda!
You kill the gnoll bouda!
The gnoll hits you from afar with a +0 halberd!
You die...

.### ##.# ##..# ...###
#..# ##...#
#....####..# ###....#
###....#...# ###......#
###......#####........#
##....###...........#
#.............#....#
#.............#...###
#...#.......@#....#
#.#####.....##).?.## ##
##....#.g..##
###.......# ###....##
###..# #. ##.## ... #
##...### .... ####
#.....g## .....


You could see a gnoll (swift).

Vanquished Creatures
  Grinder (D:3)
  A sky beast (D:5)
  An ogre (D:5)
  A bullfrog (D:5)
  A jelly (D:4)
  A gnoll bouda (D:5)
  3 iguanas
  2 orc wizards (D:2)
  7 gnolls
  4 adders
  2 worms
  3 dart slugs
  6 orcs
  4 ball pythons
  6 endoplasms
  3 giant cockroaches
  7 goblins
  5 hobgoblins
  4 jackals (D:1)
  3 kobolds
  4 quokkas
  8 bats
  3 frilled lizards
  8 rats
88 creatures vanquished.

Notes
Turn   | Place    | Note
-------+----------+-------------------------------------------
     0 | D:1      | qw the Gargoyle Hunter began the quest for the Orb.
     0 | D:1      | Reached XP level 1. HP: 12/12 MP: 1/1
     0 | D:1      | 0 ||| qw: Version: 0.3-a-76-g4403597
     0 | D:1      | 0 ||| qw: Game counter: 761
     0 | D:1      | 0 ||| qw: Melee chars always use a shield: true
     0 | D:1      | 0 ||| qw: God list: Okawaru
     0 | D:1      | 0 ||| qw: Allow faded altars: false
     0 | D:1      | 0 ||| qw: Do Orc after clearing Dungeon:15 true
     0 | D:1      | 0 ||| qw: Do second Lair branch before Depths: true
     0 | D:1      | 0 ||| qw: Lair rune preference: random
     0 | D:1      | 0 ||| qw: Goals: Normal
     0 | D:1      | 0 ||| PLANNING D:1-11
    93 | D:1      | Reached XP level 2. HP: 17/17 MP: 2/2
   422 | D:1      | Found Lozeg's Magic Scroll Shop.
   431 | D:1      | 431 ||| SHOPLISTING scroll of enchant armour (90 gold, have
                  | 22).
   431 | D:1      | 431 ||| SHOPLISTING scroll of identify (24 gold, have 22).
   431 | D:1      | 431 ||| SHOPLISTING scroll of teleportation (36 gold, have
                  | 22).
   618 | D:1      | Reached XP level 3. HP: 21/21 MP: 3/3
   668 | D:1      | Reached skill level 5 in Ranged Weapons
   938 | D:1      | 938 ||| UPGRADING to +0 ring mail.
   948 | D:1      | 948 ||| DROPPING +0 leather armour.
   949 | D:1      | 949 ||| UPGRADING to +0 pair of boots.
   954 | D:1      | 954 ||| DROPPING +6 ring of intelligence.
   955 | D:1      | 955 ||| READING scroll labelled VINEAM UXIE.
   956 | D:1      | 956 ||| READING scroll labelled AGEULEO NYDO.
   957 | D:1      | 957 ||| READING scroll labelled CYEMAL JAFI.
   958 | D:1      | 958 ||| DROPPING scroll of butterflies.
  1157 | D:2      | Reached skill level 1 in Armour
  1193 | D:2      | 1193 ||| RETREATING.
  1195 | D:2      | 1195 ||| FLEEEEING.
  1197 | D:2      | 1197 ||| FLEEEEING.
  1201 | D:2      | 1201 ||| Stepping ~*~*~tactically~*~*~ (retreating).
  1203 | D:2      | HP: 3/22 [orc/+0 war axe (3)]
  1204 | D:2      | 1204 ||| Stepping ~*~*~tactically~*~*~ (retreating).
  1205 | D:2      | 1205 ||| Stepping ~*~*~tactically~*~*~ (retreating).
  1212 | D:2      | Reached skill level 3 in Fighting
  1212 | D:2      | Reached XP level 4. HP: 7/28 MP: 4/4
  1352 | D:2      | Reached XP level 5. HP: 32/32 MP: 5/5
  1785 | D:2      | Found a runed translucent door.
  1786 | D:2      | Noticed Crazy Yiuf
  1811 | D:2      | Found a faded altar of an unknown god.
  2072 | D:2      | 2072 ||| READING scroll labelled MIFRUZOIRU.
  2073 | D:2      | 2073 ||| READING scroll labelled ROMY TAJICOBANK.
  2127 | D:2      | 2127 ||| READING scroll labelled BIGITH OHYOQOD.
  2383 | D:3      | Identified the +3 whip of Revolt {drain, rElec rC++}
  2451 | D:3      | Found Ywecwe's General Store.
  2463 | D:3      | 2463 ||| BUYING potion of heal wounds (65 gold).
  2463 | D:3      | Bought a potion of heal wounds for 65 gold pieces
  2492 | D:3      | Noticed Grinder
  2509 | D:3      | Paralysed by Grinder for 3 turns
  2528 | D:3      | Paralysed by Grinder for 3 turns
  2532 | D:3      | Killed Grinder
  2533 | D:3      | Reached skill level 7 in Ranged Weapons
  2533 | D:3      | Reached XP level 6. HP: 14/37 MP: 6/6
  3240 | D:3      | 3240 ||| READING 2 scrolls labelled GELLUB UMP.
  3241 | D:3      | 3241 ||| READING scroll labelled FOINAUTW IVOA.
  3242 | D:3      | 3242 ||| READING scroll labelled CITWAU BASYNORAB.
  3243 | D:3      | 3243 ||| DRINKING 2 fizzy black potions.
  3244 | D:3      | 3244 ||| DROPPING scroll of immolation.
  3316 | D:4      | Found a staircase to the Ecumenical Temple.
  3317 | D:4      | 3317 ||| PLANNING TEMPLE
  3325 | Temple   | Entered the Ecumenical Temple
  3326 | Temple   | 3326 ||| PLANNING D:1-11
  3903 | D:4      | Reached XP level 7. HP: 37/43 MP: 7/7
  3931 | D:4      | 3931 ||| DRINKING 2 fizzy cyan potions.
  3973 | D:5      | Entered Level 5 of the Dungeon
  4108 | D:5      | Reached skill level 8 in Ranged Weapons
  4209 | D:5      | HP: 9/44 [iguana (4)]
  4210 | D:5      | 4210 ||| DRINKING potion of heal wounds.
  4472 | D:5      | Found a glowing golden altar of the Shining One.
  4472 | D:5      | Found a white marble altar of Elyvilon.
  4472 | D:5      | Found a glowing silver altar of Zin.
  4630 | D:5      | 4630 ||| RETREATING.
  4636 | D:5      | 4636 ||| Stepping ~*~*~tactically~*~*~ (retreating).
  4637 | D:5      | 4637 ||| Stepping ~*~*~tactically~*~*~ (retreating).
  4640 | D:5      | 4640 ||| Stepping ~*~*~tactically~*~*~ (retreating).
  4641 | D:5      | 4641 ||| Stepping ~*~*~tactically~*~*~ (retreating).
  4642 | D:5      | 4642 ||| Stepping ~*~*~tactically~*~*~ (retreating).
  4643 | D:5      | 4643 ||| Stepping ~*~*~tactically~*~*~ (retreating).
  4648 | D:5      | 4648 ||| Stepping ~*~*~tactically~*~*~ (retreating).
  4649 | D:5      | 4649 ||| Stepping ~*~*~tactically~*~*~ (retreating).
  4651 | D:5      | 4651 ||| Stepping ~*~*~tactically~*~*~ (retreating).
  4652 | D:5      | 4652 ||| Stepping ~*~*~tactically~*~*~ (retreating).
  4656 | D:5      | HP: 10/44 [gnoll/+0 halberd[a gnoll bouda] (4)]
  4656 | D:5      | HP: 4/44 [gnoll/+0 flail[a gnoll bouda] (6)]
  4661 | D:5      | Mangled by a gnoll

Levels and vault maps discovered:
D:1:      mrwooster_arrival_arrow, layout_basic, serial_shops,
          nicolae_shop_temple_entry_statues_fountains
D:2:      layout_basic, shapermc_ecumenical_altar_petra, serial_bayou_pond_a,
          uniq_crazy_yiuf_cottage
D:3:      layout_basic, serial_shops, shop, uniq_grinder
D:4:      layout_cave_pods, minmay_temple_entry_mini_moons
D:5:      layout_layer_cave, dreamdust_divine_triumvirate,
          nicolae_qazlal_beasts_of_the_sky
Temple:   hellmonk_temple_rainy

Skill      XL: |  1  2  3  4  5  6  7 |
---------------+----------------------+-----
Ranged Weapons | 5 7 8 |  8.3
Armour         | 1 |  1.2
Fighting       | 3 4 5 |  5.0
Dodging        | |  1.5
Stealth        | |  1.1

Action                     |  1- 3 |  4- 6 |  7- 9 || total
---------------------------+-------+-------+-------++-------
   Fire: Shortbow          |   109 |   167 |    82 ||   358
    Use: Scroll            |     3 |     6 |       ||     9
         Potion            |       |     1 |     2 ||     3
 Armour: Leather armour    |    26 |       |       ||    26
         Ring mail         |    14 |    45 |    64 ||   123
  Dodge: Dodged            |    32 |    35 |    33 ||   100

Table legend:
 A = Non-vault XP
 B = Vault XP
 C = Vault XP percentage of total XP
 D = Non-vault monster count
 E = Vault monster count
 F = Vault count percentage of total count
                 A         B        C        D         E       F
            +---------+---------+-------+---------+---------+-------
      Total |     762 |     410 |  35.0 |      86 |       2 |   2.3
            +---------+---------+-------+---------+---------+-------
        D:1 |      49 |       0 |   0.0 |      27 |       0 |   0.0
        D:2 |     135 |       0 |   0.0 |      25 |       0 |   0.0
        D:3 |      66 |     277 |  80.8 |      15 |       1 |   6.2
        D:4 |      94 |       0 |   0.0 |       6 |       0 |   0.0
        D:5 |     418 |     133 |  24.1 |      13 |       1 |   7.1
            +---------+---------+-------+---------+---------+-------
